 Dungeon Crawl Stone Soup version 0.16.0-17-g811c1d7 (webtiles) character file.

12635 Chiseanne the Fighter (level 11, -7/175 HPs)
             Began as a Troll Berserker on Mar 21, 2015.
             Was a High Priest of Trog.
             Mangled by a yak (11 damage)
             ... on level 11 of the Dungeon.
             The game lasted 00:41:51 (8670 turns).

Chiseanne the Fighter (Troll Berserker)             Turns: 8670, Time: 00:41:51

Health: -7/175     AC:  8    Str: 35    XL:     11   Next: 65%
Magic:  4/4        EV: 10    Int:  3    God:    Trog [*****.]
Gold:   251        SH: 11    Dex:  9    Spells: 0 memorised, 10 levels left

rFire  . . .     SeeInvis .       - Unarmed
rCold  . . .     Clarity  .     G - +0 troll leather armour
rNeg   . . .     SustAb   .     O - +0 shield
rPois  +         Gourm    +     (helmet restricted)
rElec  .         Spirit   .     R - +0 cloak
rCorr  .         Warding  .     (gloves unavailable)
rMut   .         Stasis   .     (boots unavailable)
MR     ++...                    (no amulet)
Stlth  ..........               (no ring)
                                J - ring of poison resistance

@: berserking, regenerating, very quick, very resistant to hostile enchantments,
extremely unstealthy
A: unfitting armour, claws 3, fast metabolism 3, gourmand, regeneration 2,
shaggy fur 1, tough skin 2
a: Burn Spellbooks, Berserk, Trog's Hand, Brothers in Arms, Renounce Religion


You were on level 11 of the Dungeon.
You worshipped Trog.
Trog was extremely pleased with you.
You were very full.

You visited 1 branch of the dungeon, and saw 11 of its levels.

You collected 732 gold pieces.
You spent 481 gold pieces at shops.

Inventory:

Hand weapons
 w - a +0 blowgun
 K - a +1 dagger of flaming
Missiles
 b - 6 curare-tipped needles
 e - 7 large rocks (quivered)
 x - 7 javelins of returning
 y - 5 tomahawks
 z - 3 javelins
 H - 5 javelins of penetration
 N - 3 poisoned javelins
 S - 4 tomahawks of returning
Armour
 G - a +0 troll leather armour (worn)
 O - a +0 shield (worn)
 R - a +0 cloak (worn)
Jewellery
 J - a ring of poison resistance (left claw)
 T - an uncursed amulet of rage {unknown}
Magical devices
 s - a wand of cold (0)
Scrolls
 g - 8 scrolls of remove curse
 i - 5 scrolls of teleportation
 r - 2 scrolls of immolation
 u - a scroll of enchant weapon
 A - 3 scrolls of fear
 F - 3 scrolls of magic mapping
Potions
 c - 2 potions of mutation
 d - 2 potions of flight
 h - 8 potions of curing
 k - 3 potions of heal wounds
 l - a potion of restore abilities {unknown}
 m - 3 potions of invisibility
 o - 2 potions of cancellation
 p - a potion of might
 q - 4 potions of poison
 t - 2 potions of brilliance {unknown}
 v - 5 potions of agility
 D - 2 potions of ambrosia {unknown}
 I - 2 potions of cure mutation {unknown}
 P - a potion of haste {unknown}
Books
 L - a book of the Warp

   Spells                             Type                      Level
   a - Recall                         Summoning/Translocation      3
   b - Control Teleport               Charms/Translocation         4
   c - Force Lance                    Conjuration/Translocation    4
   d - Phase Shift                    Translocation                5
   e - Warp Weapon                    Charms/Translocation         5
   f - Gell's Gravitas                Hexes/Translocation          5
   g - Summon Forest                  Summoning/Translocation      5
   Trog disapproves of the use of such an item.
 Q - a book of Dreams

   Spells                             Type                      Level
   a - Ensorcelled Hibernation        Hexes/Ice                    2
   b - Flight                         Charms/Air                   3
   c - Phase Shift                    Translocation                5
   d - Shadow Creatures               Summoning                    5
   e - Mass Confusion                 Hexes                        6
   f - Darkness                       Hexes                        7
   Trog disapproves of the use of such an item.
Comestibles
 a - 11 meat rations
 j - 4 bread rations
 n - 3 fruits
 B - 4 beef jerkies
 C - 4 slices of pizza


   Skills:
 * Level 9.8 Fighting
 * Level 6.3 Throwing
 - Level 1.5 Armour
 - Level 5.8 Dodging
 * Level 7.4 Shields
 - Level 8.0 Unarmed Combat


You had 10 spell levels left.
You didn't know any spells.

Dungeon Overview and Level Annotations

Branches:
Dungeon (11/15)            Temple (0/1) D:7            Lair (0/8) D:8
    Orc (0/4) D:10

Altars:
Ashenzari
Dithmenos
Fedhas
Nemelex Xobeh
Okawaru
Ru
Sif Muna
Trog
Yredelemnul
Zin

Shops:
D:8 !

Annotations:
D:4 exclusion: oklob plant


Innate Abilities, Weirdness & Mutations

You are too large for most types of armour.
You have claws for hands.
Your metabolism is lightning-fast.
You like to eat raw meat.
You heal very quickly.
You are covered in fur (AC +1).
You have very tough skin (AC +2).


Message History

You claw the orc wizard!!
You kill the orc wizard!
Trog accepts your kill.
Trog appreciates your killing of a magic user.
Things that are here:
a dagger; a robe; an orc corpse You mangle the yak!!!
You kill the yak!
Trog accepts your kill. The yak gores you.
* * * LOW HITPOINT WARNING * * *
You block the yak's attack.
You mangle the yak!!!
You kill the yak!
Trog accepts your kill.
You claw the yak!!
The yak begins to bleed from its wounds!
The yak is almost dead.
The yak gores you!
You die...

.....#
###................
# #....#
##......##.........
##...#
.......#......###..
#....
.♣....#........## .
..≈≈
.≈≈P...........>#
≈.≈....)..#.......
≈≈.≈P....###....##
≈.≈≈P.....##....#
≈≈≈P....†@# #...
.≈≈....oYY# #.
.#......o.#
######...# ##...
##..# ... #... ..#


You could see 2 yaks and 2 orcs.

Vanquished Creatures
  Josephine (D:10)
  An unseen horror (D:11)
  A hill giant (D:10)
  An ugly thing (D:11)
  A manticore (D:11)
  A cyclops (D:6)
  Maurice (D:10)
  Psyche (D:10)
  Sonja (D:11)
  A troll (D:11)
  2 water elementals (D:11)
  12 yaks
  Eustachio (D:10)
  5 wraiths (D:10)
  A hippogriff (D:10)
  Grum (D:8)
  2 hungry ghosts
  A wyvern (D:8)
  A deep elf fighter (D:8)
  2 sky beasts
  A soldier ant (D:11)
  2 wolves (D:8)
  6 orc warriors
  A swamp drake (D:10)
  2 ice beasts
  3 phantoms
  A black bear (D:6)
  5 centaurs
  3 ogres
  5 giant frogs
  A water moccasin zombie (D:9)
  A big kobold (D:8)
  3 scorpions
  2 killer bees (D:11)
  4 crimson imps
  3 goliath beetles
  A quasit (D:10)
  3 giant frog skeletons
  13 orc wizards
  2 hounds
  A jelly (D:9)
  A gnoll shaman (D:7)
  9 orc priests
  3 centaur skeletons
  8 worker ants
  A killer bee zombie (D:11)
  2 hound skeletons
  A hound zombie (D:5)
  A worker ant zombie (D:11)
  5 gnolls (D:7)
  9 adders
  3 river rats (D:8)
  A shadow imp (D:6)
  5 worms
  An adder skeleton (D:4)
  4 giant geckos
  48 orcs
  25 bats
  A bat skeleton (D:8)
  A bat zombie (D:6)
  4 giant cockroaches
  21 hobgoblins
  10 jackals
  15 kobolds
  A ball python (D:1)
  A giant gecko skeleton (D:7)
  2 giant newts
  10 goblins
  A jackal skeleton (D:4)
  2 quokkas
  A quokka skeleton (D:5)
  26 rats
  A fungus (D:8)
  A plant (D:8)
326 creatures vanquished.

Vanquished Creatures (others)
  A fungus (D:8)
1 creature vanquished.

Grand Total: 327 creatures vanquished

Notes
Turn   | Place    | Note
--------------------------------------------------------------
     0 | D:1      | Chiseanne, the Troll Berserker, began the quest for the Orb.
     0 | D:1      | Reached XP level 1. HP: 22/22 MP: 1/1
   226 | D:1      | Reached XP level 2. HP: 29/29 MP: 1/1
   575 | D:2      | Reached XP level 3. HP: 36/36 MP: 2/2
   623 | D:2      | Acquired Trog's second power
  1572 | D:3      | Reached skill level 4 in Unarmed Combat
  1611 | D:3      | Reached XP level 4. HP: 41/44 MP: 2/2
  1685 | D:3      | Reached skill level 1 in Throwing
  2082 | D:4      | Found a sacrificial altar of Ru.
  2099 | D:4      | Reached XP level 5. HP: 44/53 MP: 2/2
  2173 | D:4      | Found an iron altar of Okawaru.
  2199 | D:4      | Noticed an ogre
  2205 | D:4      | Killed an ogre
  2205 | D:4      | Reached XP level 6. HP: 41/61 MP: 3/3
  2244 | D:4      | Reached skill level 5 in Unarmed Combat
  2589 | D:4      | Found a blossoming altar of Fedhas.
  2601 | D:4      | Noticed an oklob plant
  2787 | D:5      | Entered Level 5 of the Dungeon
  2879 | D:5      | Found a basalt altar of Yredelemnul.
  3042 | D:5      | Acquired Trog's third power
  3391 | D:5      | Reached XP level 7. HP: 41/68 MP: 3/3
  3750 | D:6      | Noticed a cyclops
  3752 | D:6      | Reached skill level 6 in Unarmed Combat
  3763 | D:6      | HP: 1/70 [orc warrior/hand axe (12)]
  3774 | D:6      | Reached XP level 8. HP: 52/79 MP: 3/3
  3783 | D:6      | Killed a cyclops
  3791 | D:6      | Reached skill level 7 in Unarmed Combat
  3820 | D:6      | Received a gift from Trog
  3938 | D:6      | Reached skill level 5 in Fighting
  4012 | D:6      | Reached skill level 5 in Dodging
  4823 | D:7      | Found a staircase to the Ecumenical Temple.
  4900 | D:7      | Reached XP level 9. HP: 86/88 MP: 4/4
  5504 | D:7      | Reached skill level 8 in Unarmed Combat
  5695 | D:8      | Received a gift from Trog
  5818 | D:8      | Noticed Grum
  5829 | D:8      | Reached skill level 1 in Shields
  5835 | D:8      | Killed Grum
  5897 | D:8      | Found a staircase to the Lair.
  6026 | D:8      | Found a shadowy altar of Dithmenos.
  6083 | D:8      | Reached skill level 5 in Throwing
  6088 | D:8      | Reached XP level 10. HP: 94/102 MP: 4/4
  6253 | D:8      | Found a shattered altar of Ashenzari.
  6253 | D:8      | Found a glowing silver altar of Zin.
  6254 | D:8      | Found a sparkling altar of Nemelex Xobeh.
  6369 | D:8      | Found Xohyap's Distillery.
  6372 | D:8      | Bought a potion of curing for 39 gold pieces
  6372 | D:8      | Bought a potion of invisibility for 104 gold pieces
  6372 | D:8      | Bought a potion of might for 52 gold pieces
  6372 | D:8      | Bought a potion of resistance for 130 gold pieces
  6372 | D:8      | Bought a potion of curing for 39 gold pieces
  6372 | D:8      | Bought a potion of curing for 39 gold pieces
  6372 | D:8      | Bought 2 potions of curing for 78 gold pieces
  6451 | D:9      | Received a gift from Trog
  6504 | D:9      | Found a deep blue altar of Sif Muna.
  6513 | D:9      | Found a bloodstained altar of Trog.
  6596 | D:9      | Received a gift from Trog
  7290 | D:10     | Entered Level 10 of the Dungeon
  7295 | D:10     | Noticed a hill giant
  7301 | D:10     | Killed a hill giant
  7544 | D:10     | Noticed Josephine
  7552 | D:10     | Killed Josephine
  7553 | D:10     | Reached skill level 5 in Shields
  7619 | D:10     | Noticed Eustachio
  7632 | D:10     | Killed Eustachio
  7744 | D:10     | Noticed Psyche
  7750 | D:10     | Killed Psyche
  7866 | D:10     | Found a staircase to the Orcish Mines.
  7868 | D:10     | Reached XP level 11. HP: 90/113 MP: 4/4
  8102 | D:10     | Noticed Maurice
  8109 | D:10     | Killed Maurice
  8232 | D:11     | Reached skill level 9 in Fighting
  8292 | D:11     | Killed an unseen horror
  8448 | D:11     | Received a gift from Trog
  8552 | D:11     | Noticed Sonja
  8591 | D:11     | Killed Sonja
  8665 | D:11     | HP: 1/175 [yak (11)]
  8670 | D:11     | Mangled by a yak

Action                   |  1- 3 |  4- 6 |  7- 9 | 10-12 || total
-------------------------+-------+-------+-------+-------++-------
Melee: Unarmed           |    98 |   127 |   294 |   275 ||   794
Throw: Large rock        |       |       |     2 |       ||     2
Invok: Berserk           |       |       |     4 |     5 ||     9
       Trog's Hand       |       |       |     4 |     5 ||     9
       Burn Spellbooks   |       |       |     1 |     1 ||     2
Evoke: Wand              |       |       |       |     5 ||     5
  Use: Scroll            |     3 |    10 |     3 |     5 ||    21
       Potion            |       |       |     1 |     6 ||     7
 Stab: Confused          |       |       |       |     1 ||     1
  Eat: Chunk             |    15 |    18 |    31 |    33 ||    97
